 Dungeon Crawl Stone Soup version 0.17.0-7-gfadd4cc (webtiles) character file.

1306 HerroX3 the Martial Artist (level 8, 0/44 HPs)
             Began as a Vine Stalker Monk on Nov 8, 2015.
             Slain by an orc warrior
             ... wielding a +0 war axe
              (11 damage)
             ... on level 7 of the Dungeon.
             The game lasted 00:29:05 (5642 turns).

HerroX3 the Martial Artist (Vine Stalker Monk)      Turns: 5642, Time: 00:29:05

Health: 0/44       AC:  5    Str: 14      XL:     8   Next: 57%
Magic:  0/9        EV: 13    Int: 10      God:
Gold:   289        SH:  0    Dex: 21 (22) Spells: 0 memorised, 7 levels left

rFire  . . .     SeeInvis .       - Unarmed
rCold  . . .     Clarity  .     s - +0 leather armour
rNeg   + . .     SustAt   .     (no shield)
rPois  .         Gourm    .     E - +0 helmet
rElec  .         Spirit   +     m - +0 cloak
rCorr  .         Warding  .     (no gloves)
rMut   +         Stasis   .     (no boots)
MR     +....                    o - amulet of resist mutation
Stlth  ++........               (no ring)
                                F - ring of Erypn {rN+ Dex+3}

@: somewhat resistant to hostile enchantments, unstealthy
A: fangs 3, regeneration 2, magic shield, antimagic bite, no device heal 3, rot
immunity
a: no special abilities


You were on level 7 of the Dungeon.
You were full.

You visited 1 branch of the dungeon, and saw 7 of its levels.

You collected 289 gold pieces.

Inventory:

Hand Weapons
 p - a +0 hunting sling
 w - a +1 dagger of holy wrath
 y - a +1 vampiric short sword
 D - a +0 dagger of venom
Missiles
 i - 159 stones (quivered)
Armour
 a - a +0 robe
 m - a +0 cloak (worn)
 s - a +0 leather armour (worn)
 A - the +0 Maxwell's etheric cage {RegenMP *Contam rElec MP+4, Fear the old blood}
   (You took it off Robin on level 3 of the Dungeon)

   It insulates you from electricity.
   It affects your magic capacity (+4).
   It causes magical contamination when unequipped.
 B - a +0 ring mail
 E - a +0 helmet (worn)
Jewellery
 o - an amulet of resist mutation (around neck)
 F - the ring of Erypn (left hand) {rN+ Dex+3}
   (You found it on level 6 of the Dungeon)

   [ring of positive energy]

   It affects your dexterity (+3).
   It protects you from negative energy.
Wands
 H - a wand of teleportation (3)
 L - a wand of frost (25)
Scrolls
 b - 2 scrolls of immolation {unknown}
 e - a scroll of enchant armour {unknown}
 h - a scroll of recharging {unknown}
 l - 3 scrolls of teleportation {unknown}
 n - a scroll of magic mapping {unknown}
 r - 3 scrolls of remove curse {unknown}
 u - a scroll of blinking {unknown}
 x - a scroll of fear {unknown}
 J - a scroll of amnesia {unknown}
Potions
 d - 2 potions of brilliance
 f - 3 potions of curing
 g - 2 potions of haste {unknown}
 k - a potion of might {unknown}
 q - a potion of cancellation {unknown}
 t - 2 potions of magic
 v - a potion of resistance {unknown}
 z - 2 potions of degeneration {unknown}
 C - 2 potions of ambrosia {unknown}
 I - a potion of flight {unknown}
 K - a potion of berserk rage {unknown}
Comestibles
 c - 3 fruits
 j - 4 meat rations
 G - a slice of pizza


   Skills:
 + Level 6.1 Fighting
 - Level 3.1 Armour
 - Level 2.4 Dodging
 - Level 2.4 Stealth
 - Level 8.1 Unarmed Combat


You had 7 spell levels left.
You didn't know any spells.

Dungeon Overview and Level Annotations

Branches:
Dungeon (7/15)
 Temple: D:4-7

Altars:
Dithmenos
Elyvilon
Fedhas
Ru
Trog
Xom

Annotations:
D:2 Sigmund
D:6 exclusion: orc warrior


Innate Abilities, Weirdness & Mutations

You have razor-sharp teeth.
You heal very quickly.
When hurt, damage is shared between your health and your magic reserves.
Your bite disrupts and absorbs the magic of your enemies.
Potions and wands cannot restore your health.
You are immune to rotting.


Message History

The orc warrior is severely wounded.
The orc warrior hits you with a war axe!!
* * * LOW HITPOINT WARNING * * *
You see here a worker ant corpse.
There is a stone staircase leading up here.
You climb upwards.
Level annotation: exclusion: orc warrior
There is a stone staircase leading down here.
You start resting.
Magic restored.
Unknown command.
You climb downwards.
The orc warrior hits you with a war axe!!
There is a stone staircase leading up, spattered with blood here.
You hit the orc warrior. Your bite misses the orc warrior.
The orc warrior is heavily wounded.
The orc warrior hits you with a war axe!
* * * LOW HITPOINT WARNING * * *
The orc warrior hits you with a war axe!
You die...

..#.##### #.#)#######
#.#.#.....# #.#.#.....##
#. # #.#.#.)....# #.
#.#.#..⌠...⌠.# #.
.#............# .####
#.............⌠........#
.....#####.....####..####
.... #.....# #.....# . .
#..[..# #.#.#.#######
#.....# #............
#.....# #.#.#..######
####### #......# #...####


You could see an orc warrior.

Vanquished Creatures
  2 ice beasts
  2 phantoms
  2 giant frogs (D:6)
  2 scorpions
  A quasit (D:7)
  A centaur zombie (D:6)
  A hound (D:4)
  A jelly (D:6)
  3 orc wizards
  A centaur skeleton (D:4)
  2 giant frog skeletons (D:6)
  3 orc priests (D:4)
  6 worker ants
  A hound skeleton (D:4)
  Robin (D:3)
  9 adders
  3 oozes
  2 worms (D:2)
  3 giant geckos
  14 orcs
  A ball python (D:1)
  7 hobgoblins
  2 jackals (D:5)
  10 kobolds
  A quokka (D:4)
  5 bats
  8 giant cockroaches
  A giant gecko zombie (D:6)
  7 giant newts
  13 goblins
  4 rats
119 creatures vanquished.

Vanquished Creatures (others)
  A hobgoblin (D:2)
1 creature vanquished.

Grand Total: 120 creatures vanquished

Notes
Turn   | Place    | Note
--------------------------------------------------------------
     0 | D:1      | HerroX3 the Vine Stalker Monk began the quest for the Orb.
     0 | D:1      | Reached XP level 1. HP: 11/11 MP: 2/2
   239 | D:1      | Reached XP level 2. HP: 16/16 MP: 3/3
   668 | D:1      | Reached XP level 3. HP: 15/19 MP: 4/4
   782 | D:2      | Found a white marble altar of Elyvilon.
   817 | D:2      | Reached skill level 5 in Unarmed Combat
  1008 | D:2      | Noticed Sigmund
  1043 | D:1      | Reached XP level 4. HP: 15/23 MP: 3/5
  1881 | D:3      | Reached skill level 6 in Unarmed Combat
  2063 | D:3      | Reached XP level 5. HP: 19/27 MP: 4/6
  2134 | D:3      | Noticed Robin
  2571 | D:4      | Found a blossoming altar of Fedhas.
  3086 | D:3      | Killed Robin
  3193 | D:4      | Reached skill level 7 in Unarmed Combat
  3240 | D:4      | Gained mutation: You heal very quickly. [Vine Stalker growth]
  3240 | D:4      | Reached XP level 6. HP: 20/32 MP: 4/7
  3242 | D:4      | Noticed a phantom
  3272 | D:4      | Killed a phantom
  3459 | D:4      | Noticed an ice beast
  3498 | D:4      | Killed an ice beast
  3498 | D:4      | Reached skill level 8 in Unarmed Combat
  3589 | D:4      | Reached XP level 7. HP: 35/35 MP: 8/8
  3594 | D:4      | Reached skill level 1 in Armour
  3678 | D:4      | Found a sacrificial altar of Ru.
  3680 | D:4      | Found a shadowy altar of Dithmenos.
  4073 | D:4      | Found a shimmering altar of Xom.
  4091 | D:4      | Found a bloodstained altar of Trog.
  4385 | D:5      | Entered Level 5 of the Dungeon
  4810 | D:6      | Got a glittering marble ring
  4811 | D:6      | Identified the ring of Erypn {rN+ Dex+3} (You found it on level 6 of the Dungeon)
  5098 | D:6      | Gained mutation: You have razor-sharp teeth. [Vine Stalker growth]
  5098 | D:6      | Reached XP level 8. HP: 31/42 MP: 9/9
  5310 | D:6      | Reached skill level 5 in Fighting
  5642 | D:7      | Slain by an orc warrior

Action                   |  1- 3 |  4- 6 |  7- 9 || total
-------------------------+-------+-------+-------++-------
Melee: Unarmed           |    71 |   159 |   151 ||   381
Throw: Stone             |    29 |    23 |    26 ||    78
  Use: Scroll            |       |     3 |     3 ||     6
       Potion            |       |       |     1 ||     1
 Stab: Sleeping          |     4 |     6 |     2 ||    12
  Eat: Chunk             |       |     3 |       ||     3
       Bread ration      |       |     2 |     1 ||     3
       Pizza             |       |     1 |       ||     1
       Royal jelly       |       |       |     1 ||     1
